Map: Croisement de Kairos EC

Players

bunshichi

  • Race: Terran Terran
  • League: Diamond
  • Spawn Location: 5:00

Sorandom - Winner!

  • Race: Zerg Zerg
  • League: Diamond
  • Spawn Location: 11:00

VOD

Have the link to the VOD?

Description

Time

  • Played on: April 17, 2019, 9:38 a.m.
  • Length: 19:55
Show
View Real Time Build Order
Export as new Build Order

bunshichi Terran 

Build Orders: Gas First Reaper Expand 

Get SALT Encoding   

  12  0:01  SCV  
  13  0:13  SCV  
  14  0:17  Supply Depot  
  14  0:25  SCV  
  15  0:28  Refinery  
  15  0:39  SCV  
  16  0:45  Barracks  
  16  0:51  SCV  
  17  1:03  SCV  
  18  1:15  SCV  
  19  1:32  Reaper  
  19  1:33  Orbital Command  
  20  1:44  Command Center  
  20  1:55  Factory  
  20  1:59  SCV  
  21  2:11  Supply Depot  
  21  2:12  Barracks Reactor  
  21  2:16  SCV  
  21  2:18  Refinery  
  22  2:28  SCV  
  22  2:41  Factory Tech Lab  
  22  2:46  Bunker  
  22  2:49  SCV  
  22  2:51  Marine x2  
  24  2:52  Bunker  
  25  2:58  Orbital Command  
  25  3:05  Cyclone  
  23  3:17  Marine  
  21  3:33  Marine  
  20  3:37  Cyclone  
  23  3:42  SCV  
  22  3:54  SCV x2  
  22  4:12  Supply Depot  
  16  4:45  Supply Depot  
  16  4:52  SCV  
  16  4:56  Factory Tech Lab  
  16  5:05  Barracks Reactor  
  16  5:08  SCV x2  
  18  5:20  SCV  
  19  5:26  Cyclone  
  22  5:46  Orbital Command  
  17  6:06  SCV  
  18  6:12  Cyclone  
  21  6:24  Marine x2  
  24  6:25  SCV  
  24  6:26  SCV  
  25  6:37  SCV  
  25  6:38  SCV  
  27  6:40  Mag-Field Accelerator  
  27  6:43  Marine x2  
  29  6:50  SCV x2  
  31  6:54  Orbital Command  
  31  6:57  Supply Depot  
  31  7:01  Marine  
  31  7:02  Marine  
  31  7:07  SCV  
  34  7:18  Cyclone  
  34  7:19  SCV  
  38  7:38  SCV x2  
  40  7:48  Supply Depot  
  40  7:50  Supply Depot, SCV x2  
  42  8:02  SCV  
  34  8:15  Cyclone  
  34  8:16  SCV x2  
  34  8:17  Marine x2  
  41  8:23  Barracks  
  41  8:26  Barracks  
  41  8:28  SCV  
  39  8:48  Marine  
  39  8:49  Marine  
  41  8:56  SCV x2  
  43  9:06  Marine  
  43  9:08  SCV  
  45  9:17  Barracks Tech Lab x2  
  45  9:19  Siege Tank  
  45  9:20  Marine  
  45  9:22  Barracks  
  49  9:24  Barracks, Marine  
  49  9:27  SCV x2  
  52  9:39  SCV, Combat Shield  
  52  9:40  Stimpack  
  53  9:48  Starport  
  53  9:50  Marauder x2  
  53  9:51  SCV x2  
  59  9:56  Supply Depot  
  59  9:58  Supply Depot  
  59  10:03  SCV  
  60  10:07  Marine x2  
  62  10:17  Marine x2  
  62  10:18  Marine  
  62  10:19  Marauder  
  62  10:20  SCV x2  
  69  10:25  Supply Depot, Marine  
  69  10:27  Starport Reactor  
  70  10:33  SCV  
  70  10:34  SCV, Engineering Bay  
  72  10:36  Marauder  
  72  10:42  Refinery  
  74  10:44  Refinery  
  74  10:51  Engineering Bay  
  74  10:56  Marauder, Marine x2  
  78  10:57  Marine  
  78  11:00  Concussive Shells  
  78  11:03  Terran Infantry Weapons Level 1  
  79  11:11  Medivac  
  79  11:12  Medivac  
  83  11:22  Marine  
  83  11:23  Marauder  
  86  11:27  Marine  
  85  11:46  Marine  
  86  12:22  Supply Depot  
  86  12:23  Supply Depot  
  86  12:25  Supply Depot  
  86  12:28  Medivac x2, Marine x5  
  86  12:29  Marauder, Siege Tank  
  87  12:46  Marauder, Marine x2  
  87  12:48  Marine  
  87  12:49  Marine  
  87  12:50  Marauder  
  75  13:01  Siege Tank  
  75  13:04  Marine x2  
  80  13:06  Marine  
  80  13:08  Marauder, Barracks Reactor  
  80  13:11  Marauder  
  84  13:32  Marine x3  
  84  13:33  Marauder, Marine  
  78  13:49  Marine x2  
  78  13:50  Marine x3  
  78  13:51  Marauder  
  78  13:54  Marine  
  86  14:07  Marine x3  
  86  14:08  Marine  
  86  14:09  Liberator  
  89  14:10  Liberator  
  89  14:12  Marauder x2, Marine  
  94  14:25  Marine x4  
  94  14:26  Siege Tank  
  94  14:30  Marine  
  97  14:34  Marauder x2  
  86  14:43  Marine x2  
  87  14:55  Marauder  
  87  14:56  Marine x2  
  87  14:58  Barracks Reactor  
  87  14:59  Marauder  
  92  15:01  Marine x2  
  89  15:14  Marine x2  
  76  15:16  Marauder  
  76  15:19  Marine x2  
  76  15:20  Marine  
  75  15:31  Marine  
  75  15:32  Marine  
  75  15:33  SCV x2  
  79  15:36  Supply Depot, Marine x2  
  79  15:37  Supply Depot  
  79  15:40  Terran Infantry Armor Level 1  
  81  15:45  SCV x2  
  81  15:46  Armory  
  80  16:05  Marine  
  80  16:06  Marine x4  
  80  16:07  Marine  
  86  16:24  Missile Turret  
  86  16:25  Missile Turret  
  86  16:30  Missile Turret  
  86  16:34  Missile Turret  
  86  16:46  Refinery  
  86  16:49  Refinery  
  86  17:02  Orbital Command  
  53  17:15  Marine  
  53  17:16  Marine x4  
  53  17:17  Marauder x2, Marine  
  60  17:38  Marauder  
  60  17:42  Marauder  
  67  17:44  Siege Tank  
  67  17:47  Medivac x2  
  61  17:59  Marauder  
  55  18:06  Marine x2  
  55  18:07  Marine x3  
  58  18:14  Marauder, Marine  
  59  18:26  Marine x3  
  59  18:27  Marine x3  
  52  18:42  Orbital Command  
  36  19:08  Marine x3  
  36  19:09  Marine  
  22  19:11  SCV  
  22  19:25  Marine  
Show
View Real Time Build Order
Export as new Build Order

Sorandom Zerg - Winner!

Build Orders: Pool First, Ravager All-In 

Get SALT Encoding   

  12  0:02  Drone  
  13  0:23  Spawning Pool  
  13  0:26  Drone  
  13  0:29  Drone  
  14  0:39  Extractor  
  14  0:40  Extractor  
  12  0:55  Drone x2  
  14  1:11  Roach Warren  
  13  1:13  Drone  
  13  1:15  Overlord  
  14  1:26  Overlord  
  14  1:51  Roach x3  
  20  2:12  Ravager x2  
  23  2:15  Ravager  
  23  2:20  Roach  
  25  2:28  Roach  
  25  2:29  Roach  
  29  2:40  Overlord  
  29  2:43  Ravager  
  30  3:07  Roach x2  
  34  3:16  Roach  
  36  3:21  Ravager  
  37  3:30  Ravager  
  35  3:47  Roach x3  
  35  4:07  Ravager  
  35  4:08  Ravager  
  34  4:10  Roach  
  36  4:24  Roach x2  
  34  4:37  Roach  
  36  4:41  Drone  
  31  4:54  Drone  
  28  5:06  Ravager  
  29  5:08  Drone  
  30  5:20  Ravager x2  
  32  5:24  Drone x2  
  32  5:27  Queen  
  31  5:54  Roach x2  
  30  6:02  Drone  
  29  6:16  Hatchery, Drone  
  29  6:21  Roach  
  28  6:27  Ravager  
  28  6:31  Overlord  
  29  6:38  Roach  
  31  6:40  Drone x2  
  33  6:54  Drone  
  34  7:00  Roach  
  36  7:03  Queen  
  38  7:13  Hatchery  
  37  7:18  Roach x2  
  41  7:28  Queen  
  43  7:40  Roach  
  43  7:41  Drone x4  
  49  7:59  Spine Crawler  
  48  8:25  Lair  
  48  8:26  Drone x10  
  56  8:51  Drone  
  56  8:55  Drone  
  58  8:56  Overlord x3  
  58  9:04  Overlord x3  
  58  9:05  Overlord  
  58  9:07  Extractor  
  57  9:10  Extractor  
  57  9:12  Evolution Chamber  
  57  9:15  Evolution Chamber  
  54  9:23  Overseer  
  54  9:29  Drone x7  
  61  9:33  Glial Reconstitution  
  61  9:35  Metabolic Boost  
  61  9:51  Zerg Ground Armor Level 1  
  61  9:52  Zerg Melee Weapons Level 1  
  61  9:55  Zergling x8  
  61  9:56  Zergling x4  
  61  9:59  Drone  
  68  10:02  Spore Crawler  
  68  10:06  Spore Crawler, Drone  
  68  10:07  Drone  
  68  10:16  Zergling x10  
  73  10:23  Drone x4  
  77  10:29  Drone x2  
  79  10:53  Drone  
  79  10:54  Drone x8  
  88  11:02  Drone x3  
  91  11:08  Zergling x6  
  91  11:09  Zergling x8  
  98  11:15  Baneling Nest  
  98  11:17  Overlord  
  98  11:18  Overlord  
  96  11:31  Overseer, Hatchery  
  95  11:39  Overseer  
  95  11:44  Spore Crawler  
  95  11:46  Zergling x20  
  104  11:50  Spire  
  103  11:57  Overlord x5  
  103  12:02  Baneling x10  
  103  12:11  Zerg Melee Weapons Level 2  
  103  12:13  Zerg Ground Armor Level 2  
  103  12:16  Zergling x2  
  103  12:17  Zergling x6  
  103  12:19  Centrifical Hooks  
  107  12:34  Zergling x14  
  98  12:46  Drone x3  
  98  12:57  Infestation Pit  
  97  13:01  Extractor  
  97  13:02  Extractor  
  97  13:03  Drone  
  97  13:04  Drone x6  
  102  13:09  Zerg Flyer Weapons Level 1  
  102  13:11  Baneling x13  
  102  13:12  Zergling x6, Baneling x4  
  105  13:13  Drone  
  98  13:33  Zergling x20  
  92  13:37  Zergling x8  
  83  13:52  Zergling x2  
  83  13:53  Zergling x14  
  88  13:58  Baneling x2  
  88  13:59  Zergling x6, Baneling  
  88  14:04  Spine Crawler  
  88  14:05  Queen x2  
  88  14:09  Zergling x4  
  93  14:13  Zergling x2  
  92  14:19  Zergling x2  
  92  14:20  Zergling x2  
  92  14:22  Baneling x3  
  92  14:24  Zergling x4  
  83  14:34  Mutalisk  
  83  14:35  Mutalisk x2  
  85  14:42  Zergling x10  
  83  14:51  Roach, Mutalisk x3  
  92  14:52  Zergling x2  
  92  14:53  Queen x2  
  96  15:06  Hatchery  
  90  15:08  Mutalisk x5  
  90  15:11  Zerg Flyer Weapons Level 2  
  97  15:17  Queen  
  93  15:26  Zergling x2  
  93  15:27  Zergling x10  
  96  15:29  Zergling x2  
  96  15:40  Zergling x10  
  101  15:45  Zergling x8  
  101  15:49  Zergling x2, Hatchery  
  105  15:50  Baneling  
  105  15:51  Baneling x3  
  105  15:55  Zergling x4  
  103  16:07  Zergling x8  
  103  16:08  Zergling x4  
  109  16:11  Baneling x2  
  109  16:12  Zergling x2, Baneling  
  109  16:16  Zergling x2  
  109  16:17  Zergling x6  
  114  16:31  Overlord x4  
  114  16:38  Hive  
  114  16:45  Overlord x3  
  114  16:48  Extractor  
  114  16:49  Extractor  
  114  16:51  Zergling x2  
  114  16:52  Zergling x12  
  119  16:57  Zergling x4  
  121  17:02  Zergling x2  
  121  17:03  Zergling x2  
  116  17:14  Zergling x14  
  112  17:28  Zergling x14  
  112  17:29  Zergling x8  
  123  17:42  Drone x3  
  123  17:43  Drone  
  127  17:46  Drone  
  127  17:48  Hatchery  
  127  17:57  Mutalisk x4  
  127  17:58  Mutalisk  
  137  18:06  Baneling x2  
  137  18:07  Baneling x5  
  137  18:09  Zergling x14  
  144  18:13  Baneling  
  144  18:14  Baneling x24  
  144  18:18  Overlord x2  
  142  18:24  Zergling x4  
  142  18:25  Zergling x8  
  147  18:35  Spire  
  145  18:41  Ultralisk Cavern  
  145  18:45  Zergling x2  
  145  18:46  Zergling x16  
  153  18:49  Baneling  
  153  18:50  Baneling x5  
  153  18:51  Baneling  
  146  19:07  Zergling x14  
  146  19:08  Zergling x4  
  144  19:20  Zergling x2  
  144  19:21  Zergling x2  
  144  19:23  Zergling x2  
Tags
 
Add a new tag
Caveats
  • Supply blocks, unpowered buildings, or Contaminate may cause inaccurate times.
  • Supply counts are checked every 10 seconds.